 Dungeon Crawl Stone Soup version 0.31-a0-142-g31f6795574 (webtiles) character file.

Game seed: 10640088288971756068

2912 mopl the Grappler (level 9, -6/47 HPs)
             Began as a Vine Stalker Transmuter on June 3, 2023.
             Was a Follower of Wu Jian.
             Mangled by a manticore (8 damage)
             ... on level 8 of the Dungeon.
             The game lasted 00:10:30 (5784 turns).

mopl the Grappler (Vine Stalker Transmuter)         Turns: 5784, Time: 00:10:31

Health: -6/47      AC:  2    Str: 17    XL:     9   Next: 78%
Magic:  0/17       EV: 25    Int: 13    God:    Wu Jian [*.....]
Gold:   399        SH:  0    Dex: 20    Spells: 0/17 levels left

rFire   + .          .
                       - Unarmed
rCold   . . .        (shield currently unavailable)
rNeg    . . .        h - melded +2 animal skin
rPois   .            g - melded +0 helmet
rElec   .            G - melded +0 cloak
rCorr   .            (gloves currently unavailable)
SInv    .            (boots currently unavailable)
Will    +....        m - amulet "Aqykusuac" {RegenMP Drain rPois rF+}
Stlth   ++           o - +5 ring of evasion
HPRegen 1.07/turn    (no ring)
MPRegen 0.55/turn

%: guardian spirit
@: spider-form (expiring), spiked
A: venomous fangs, tiny, (fangs 3), regeneration 1, magic shield, (antimagic
bite), no potion heal 2
a: End Transformation, Renounce Religion


You were on level 8 of the Dungeon.
You worshipped Wu Jian.
Wu Jian was aware of your devotion.
You were a venomous arachnid creature.
You visited 2 branches of the dungeon, and saw 9 of its levels.

You collected 399 gold pieces.

Inventory:

Hand Weapons
 f - a +0 dagger of venom
Missiles
 c - 3 javelins
 i - 21 poisoned darts
 j - 4 atropa-tipped darts
 z - 3 silver javelins
 A - 2 boomerangs of dispersal
 C - a throwing net
Armour
 g - a +0 helmet (melded)
 h - a +2 animal skin (melded)
 v - +0 gold dragon scales
 G - a +0 cloak (melded)
Jewellery
 m - the amulet "Aqykusuac" (around neck) {RegenMP Drain rPois rF+}
   (You found it on level 2 of the Dungeon)

   [amulet of magic regeneration]

   It increases your rate of magic regeneration.
   rF:        It protects you from fire.
   rPois:     It protects you from poison.
   Drain:     It drains your maximum health when unequipped.
 o - a +5 ring of evasion (left front pincers)
 E - an amulet of reflection
Wands
 q - a wand of paralysis (8)
 y - a wand of iceblast (8)
 B - a wand of flame (13)
Scrolls
 e - 2 scrolls of enchant armour {unknown}
 k - a scroll of silence {unknown}
 l - 4 scrolls of blinking {unknown}
 p - a scroll of enchant weapon {unknown}
 r - 2 scrolls of teleportation {unknown}
 w - 2 scrolls of amnesia {unknown}
 F - a scroll of torment {unknown}
Potions
 a - 3 potions of might
 b - a potion of lignification {!q}
 d - a potion of enlightenment
 n - a potion of brilliance
 s - 4 potions of curing
 t - a potion of mutation {!q}
 u - a potion of berserk rage {!q}
 x - 2 potions of magic


   Skills:
 + Level 5.1 Fighting
 + Level 2.1 Armour
 + Level 2.8 Dodging
 * Level 8.6 Unarmed Combat
 + Level 4.9 Spellcasting
 + Level 2.5 Translocations
 + Level 5.9 Transmutations


You couldn't memorise any spells.
You knew the following spells:

 Your Spells              Type           Power      Damage    Failure   Level
a - Beastly Appendage     Tmut           36%        N/A       7%          1
b - Spider Form           Tmut/Pois      10%        N/A       36%         3
c - Blade Hands           Tmut           9%         N/A       65%         5
d - Ice Form              Ice/Tmut       10%        N/A       71%         4
e - Blink                 Tloc           18%        N/A       24%         2
w - Wereblood             Tmut           18%        N/A       10%         2

Your spell library contained the following spells:

 Spells                   Type           Power      Damage    Failure   Level
 Lesser Beckoning         Tloc           18%        N/A       24%         2
 Momentum Strike          Conj/Tloc      12%        3d8       36%         2
 Necrotise                Necr           12%        1d4       38%         1
 Sandblast                Erth           6%         2d5       38%         1
 Shock                    Conj/Air       12%        1d3       38%         1
 Ignite Poison            Fire/Tmut/Pois 8%         N/A       47%         3
 Portal Projectile        Hex/Tloc       12%        N/A       56%         3
 Ozocubu's Armour         Ice            3%         N/A       71%         3
 Tukima's Dance           Hex            3%         N/A       71%         3
 Sticky Flame             Conj/Fire      3%         2d3       96%         4
 Ozocubu's Refrigeration  Ice            1%         4d7       100%        7
 Ignition                 Fire           1%         3d3       100%        8


Dungeon Overview and Level Annotations

Branches:
Dungeon (8/15)             Temple (1/1) D:5            Lair (0/5) D:8

Altars:
Ashenzari
Cheibriados
Dithmenos
Elyvilon
Fedhas
Gozag
Hepliaklqana
Kikubaaqudgha
Nemelex Xobeh
Okawaru
Qazlal
Ru
Sif Muna
Trog
Vehumet
Wu Jian
Xom
The Shining One


Innate Abilities, Weirdness & Mutations

You are a venomous arachnid creature.
You have venomous fangs.
You are tiny and dextrous.
Your spellcasting is less reliable in this form.
Your armour is entirely melded.
You are incapable of wielding weapons or throwing items.
((You have razor-sharp teeth.))
Your natural rate of healing is unusually fast.
When hurt, damage is shared between your health and your magic reserves.
((Your bite disrupts and absorbs the magic of your enemies.))
Potions cannot restore your health.


Message History

The barbed spikes become lodged in your body.
The manticore flicks its tail.
The volley of spikes misses you.
The manticore flicks its tail.
The volley of spikes misses you.
The manticore flicks its tail.
The volley of spikes misses you.
The manticore flicks its tail.
The volley of spikes hits you!
The barbed spikes become lodged in your body.
You bite the manticore!
The manticore is poisoned.
The manticore is lightly wounded.
The manticore completely misses you. The manticore closely misses you.
The manticore claws you!
* * * LOW HITPOINT WARNING * * *
You hit the manticore but do no damage.
The manticore looks as sick as possible!
The manticore is lightly wounded.
The manticore bites you!
* * * LOW HITPOINT WARNING * * *
The manticore misses you. The manticore completely misses you.
Unknown command.
You bite the manticore!
The manticore looks as sick as possible!
The manticore is moderately wounded.
Your transformation is almost over.
The manticore completely misses you. The manticore misses you.
The manticore claws you.
* * * LOW HITPOINT WARNING * * *
You hit the manticore.
The manticore is heavily wounded.
The manticore misses you. The manticore claws you!
* * * LOW HITPOINT WARNING * * *
The manticore completely misses you.
Unknown command.
You bite the manticore!
The manticore looks as sick as possible!
The manticore is severely wounded.
The manticore bites you!
You die...

..........##.####.#.....##
..####..#..##.#..(###...#
. #..###..##.>##......#
#..##.##..##.##......(.
...##...##..##.#......###
#.##..#..##..##........
.##..###..##..##.....###
##..##)##..##..##...)#
#u.##[.)+..F##s.##...#
#..##..##"##.H##....#
#..##..###..##..$..#
#..##..#..##......#
..##...##.#######
#..##.##.## #.[###.##
#..#.#


You could see a manticore (extremely poisoned) and a cane toad shaped shifter.

Vanquished Creatures
  A komodo dragon (D:8)
  A yak (D:7)
  Eustachio (D:4)
  A water moccasin (D:6)
  2 orc warriors
  2 ice beasts
  2 black bears
  A centaur (D:5)
  4 ogres
  5 bullfrogs
  6 scorpions
  A howler monkey (D:6)
  3 orc priests
  2 hounds
  A sleepcap (D:4)
  3 iguanas
  Ijyb (D:4)
  Natasha (thrice) (D:2)
  2 orc wizards
  Robin (D:2)
  4 gnolls (D:4)
  4 adders
  2 white imps
  4 dart slugs
  16 orcs
  7 bats
  8 endoplasms
  2 giant cockroaches (D:1)
  16 goblins
  6 hobgoblins
  5 jackals
  9 kobolds
  3 quokkas
  6 ball pythons
  4 frilled lizards
  10 rats
149 creatures vanquished.

Notes
Turn   | Place    | Note
-------+----------+-------------------------------------------
     0 | D:1      | mopl the Vine Stalker Transmuter began the quest for the
                  | Orb.
     0 | D:1      | Reached XP level 1. HP: 9/9 MP: 4/4
    32 | D:1      | Reached skill level 1 in Fighting
    46 | D:1      | Reached XP level 2. HP: 13/14 MP: 4/6
   272 | D:1      | Reached XP level 3. HP: 13/18 MP: 3/7
   503 | D:1      | Learned a level 2 spell: Wereblood
   507 | D:1      | Learned a level 3 spell: Spider Form
   803 | D:2      | Noticed Robin
   865 | D:2      | Killed Robin
   896 | D:2      | Noticed Natasha
   905 | D:2      | Killed Natasha
   906 | D:2      | Reached skill level 4 in Unarmed Combat
   906 | D:2      | Gained mutation: Your natural rate of healing is unusually
                  | fast. [Vine Stalker growth]
   906 | D:2      | Reached XP level 4. HP: 10/23 MP: 2/9
   947 | D:2      | Noticed Natasha
   959 | D:2      | Killed Natasha
  1060 | D:2      | Reached skill level 2 in Fighting
  1060 | D:2      | Reached XP level 5. HP: 26/26 MP: 8/10
  1119 | D:2      | Noticed Natasha
  1131 | D:2      | Killed Natasha
  1132 | D:2      | Reached skill level 3 in Spellcasting
  1202 | D:2      | Identified the amulet "Aqykusuac" {RegenMP Drain rPois rF+}
  1895 | D:2      | Reached skill level 3 in Transmutations
  1978 | D:2      | Found a faded altar of an unknown god.
  2346 | D:3      | Learned a level 4 spell: Ice Form
  2367 | D:3      | Found a shimmering blue altar of Sif Muna.
  2378 | D:3      | Found an ancient bone altar of Kikubaaqudgha.
  2378 | D:3      | Found a white marble altar of Elyvilon.
  2391 | D:3      | Reached XP level 6. HP: 32/32 MP: 11/11
  2847 | D:4      | Noticed Eustachio
  2859 | D:4      | Killed Eustachio
  2860 | D:4      | Reached skill level 5 in Unarmed Combat
  2901 | D:3      | Reached XP level 7. HP: 22/35 MP: 6/13
  2959 | D:4      | Reached skill level 3 in Fighting
  3120 | D:4      | Noticed Ijyb
  3131 | D:4      | Killed Ijyb
  3132 | D:4      | Reached skill level 4 in Spellcasting
  3160 | D:4      | Got First Steps in the Rites and Rhymes
  3214 | D:4      | Reached skill level 4 in Transmutations
  3363 | D:5      | Entered Level 5 of the Dungeon
  3390 | D:5      | Reached skill level 6 in Unarmed Combat
  3408 | D:5      | Found a staircase to the Ecumenical Temple.
  3422 | Temple   | Entered the Ecumenical Temple
  3610 | Temple   | Became a worshipper of the Wu Jian Council
  3750 | D:5      | Gained mutation: You have razor-sharp teeth. [Vine Stalker
                  | growth]
  3750 | D:5      | Reached XP level 8. HP: 31/42 MP: 11/15
  3812 | D:5      | Found a snail-covered altar of Cheibriados.
  3968 | D:5      | Reached skill level 4 in Fighting
  3969 | D:5      | Found a sparkling altar of Nemelex Xobeh.
  4019 | D:5      | Reached skill level 7 in Unarmed Combat
  4335 | D:6      | Reached skill level 5 in Transmutations
  4465 | D:6      | Learned a level 2 spell: Blink
  4715 | D:6      | Reached skill level 1 in Translocations
  4715 | D:6      | Reached XP level 9. HP: 32/46 MP: 11/16
  4726 | D:6      | Reached skill level 1 in Armour
  4726 | D:6      | Reached skill level 2 in Dodging
  5029 | D:7      | Reached skill level 8 in Unarmed Combat
  5033 | D:7      | Reached * piety under Wu Jian
  5056 | D:7      | Found a bloodstained altar of Trog.
  5546 | D:7      | Learned a level 5 spell: Blade Hands
  5586 | D:8      | Noticed a death yak
  5628 | D:8      | Noticed a death yak
  5629 | D:8      | Noticed a death yak
  5638 | D:7      | Reached skill level 5 in Fighting
  5638 | D:7      | Reached skill level 2 in Translocations
  5661 | D:8      | Found a staircase to the Lair.
  5706 | D:8      | Reached skill level 2 in Armour
  5735 | D:8      | Noticed a komodo dragon
  5754 | D:8      | Killed a komodo dragon
  5760 | D:8      | Noticed a green ugly thing
  5765 | D:8      | Noticed a manticore
  5766 | D:8      | a blink frog changed into a cane toad
  5766 | D:8      | Noticed a cane toad (shapeshifter)
  5783 | D:8      | HP: 1/47 [manticore (7)]
  5784 | D:8      | Mangled by a manticore

Illustrated notes

Levels and vault maps discovered:
D:1:      tekkud_arrival_beachfront_property, layout_basic
D:2:      layout_basic, ebering_ecumenical_altar_hall, grunt_ministairs_11,
          kennysheep_big_empty_room, uniq_natasha, uniq_robin
D:3:      layout_basic, chequers_temple_overflow_statue_of_worship
D:4:      layout_rooms, uniq_ijyb, uniq_eustachio
D:5:      layout_gridville, nemelex_dance_club_becter, kennysheep_slug_shrine,
          minmay_temple_entry_junction_2
D:6:      layout_basic
D:7:      layout_gridville, mainiacjoe_overflow_brackets
D:8:      layout_rooms, mainiacjoe_overflow_large_starburst, dpeg_lair_monsters,
          hangedman_decor_diamond_cutter, minmay_diamond_spiral
Temple:   minmay_temple_bridge_abc

Skill      XL: |  1  2  3  4  5  6  7  8  9 |
---------------+----------------------------+-----
Fighting       | 1 2 3 4 5 |  5.1
Unarmed Combat | 4 5 6 7 8 |  8.6
Spellcasting   | 3 4 |  4.9
Transmutations | 3 4 5 |  5.9
Translocations | 1 2 |  2.5
Armour         | 2 |  2.1
Dodging        | 2 |  2.8

Action                     |  1- 3 |  4- 6 |  7- 9 || total
---------------------------+-------+-------+-------++-------
  Melee: Unarmed           |    86 |   137 |   298 ||   521
         Bite              |    12 |    33 |    64 ||   109
         Punch             |     3 |     3 |     8 ||    14
         Kick              |    13 |     2 |     2 ||    17
         Headbutt          |     6 |     3 |     2 ||    11
   Cast: Beastly Appendage |    20 |     2 |     6 ||    28
         Wereblood         |     1 |       |     3 ||     4
         Spider Form       |       |     2 |     9 ||    11
Ability: Lunge             |       |       |    12 ||    12
         Whirlwind         |       |       |     2 ||     2
    Use: Scroll            |       |       |     8 ||     8
   Stab: Sleeping          |     1 |     2 |     2 ||     5
 Armour: Robe              |    29 |       |       ||    29
         Animal skin       |       |    21 |    30 ||    51
  Dodge: Dodged            |    65 |    78 |   252 ||   395

Table legend: (Time is in decaauts)
 A = Elapsed time spent in this place.
 B = Non-inter-level travel time spent in this place.
 C = Inter-level travel time spent in this place.
 D = Time resting spent in this place.
 E = Time spent auto-exploring this place.
 F = Levels seen in this place.
 G = Mean time per level.
                   A        B        C        D        E       F      G
               +--------+--------+--------+--------+--------+-----+--------+
         Total |   5738 |   5427 |    311 |     85 |   4077 |   9 |  637.6 |
       Dungeon |   5528 |   5239 |    289 |     85 |   3910 |   8 |  691.0 |
        Temple |    209 |    188 |     21 |      0 |    167 |   1 |  209.0 |
               +--------+--------+--------+--------+--------+-----+--------+

Top non-repeatable levels by time:
     D:2: 1294 daAuts
     D:1: 834 daAuts
     D:6: 763 daAuts
     D:3: 731 daAuts
     D:5: 646 daAuts
     D:7: 638 daAuts
     D:4: 480 daAuts
  Temple: 209 daAuts
     D:8: 139 daAuts
